Jets vs MapleLeafs

Created - April 2, 2015 at 18:33

Goals
1 2 3 T
Jets 1 4 1 6
MapleLeafs 1 0 2 3
Shots
1 2 3 T
Jets 18 15 12 45
MapleLeafs 12 4 12 28

1st period

1. MapleLeafs , Vladimir Tarasenko 31 (Jay Bouwmeester, Evander Kane) at 2:15
2. Jets , Kimmo Timonen 4 (Christian Ehrhoff, Jamie Benn) at 17:11 (PP)

Penalties :
Antoine Roussel (TOR) for Slashing (Minor) at 3:30, Alexei Emelin (TOR) for Hooking (Minor) at 9:13, Brett Bellemore (WPG) for Holding (Minor) at 11:29, Nick Holden (TOR) for Interference (Minor) at 15:19, Antoine Roussel (TOR) for Tripping (Minor) at 18:55

2nd period

3. Jets , Anders Lee 19 (Kimmo Timonen, Corey Perry) at 0:22 (PP)
4. Jets , Tobias Enstrom 12 (Kyle Okposo, Nick Bonino) at 8:46
5. Jets , Kyle Okposo 46 (Christian Ehrhoff, Jonathan Ericsson) at 14:45
6. Jets , Josh Bailey 9 (Radko Gudas, Boyd Gordon) at 16:11

Penalties :
Alexei Emelin (TOR) for Hooking (Minor) at 1:47, Christian Ehrhoff (WPG) for Holding (Minor) at 3:32, Nick Holden (TOR) for Holding (Minor) at 9:55, Milan Lucic (TOR) for Roughing (Minor) at 16:16

3rd period

7. MapleLeafs , Antoine Roussel 3 (Eric Gelinas, Brock Nelson) at 1:10
8. MapleLeafs , Vladimir Tarasenko 32 (Nick Holden, Evander Kane) at 1:45
9. Jets , Jonathan Ericsson 4 (Christian Ehrhoff, Josh Bailey) at 4:41

Penalties :
Michael Del Zotto (TOR) for High sticking (Minor) at 2:18, Nick Holden (TOR) for Slashing (Minor) at 5:59

Goalie Stats

Cory Schneider (WPG), 25 saves from 28 shots - (0.893), W, 38-15-3, 60:00 minutes
Ryan Miller (TOR), 39 saves from 45 shots - (0.867), L, 22-26-1, 60:00 minutes

Players Stats for Jets

Player Name              G  A  P  +/- PIM S  H  SB GA TA FO     MP     PP MP  PK MP  
------------------------------------------------------------------------------------
Anders Lee               1  0  1  -2  0   1  3  0  0  0  2/2    24:04   8:20   0:15 
Boyd Gordon              0  1  1   2  0   1  0  0  0  0  6/7     3:35   0:00   0:00 
Brett Bellemore          0  0  0   1  2   0  3  2  0  0  0/0    10:53   0:00   0:00 
Christian Ehrhoff        0  3  3   1  2   1  0  1  0  0  0/0    22:27   8:55   0:00 
Colin Wilson             0  0  0   0  0   1  2  0  0  0  0/0     7:20   0:00   0:55 
Corey Perry              0  1  1  -2  0   3  1  0  0  0  0/0    24:03   8:20   0:00 
Jamie Benn               0  1  1   1  0   4  3  0  0  0  2/2    22:13   8:38   0:00 
Joe Pavelski             0  0  0  -2  0   10 0  0  0  0  27/42  24:03   8:20   0:00 
Jonathan Ericsson        1  1  2   1  0   1  2  0  0  0  0/0    15:29   0:00   1:57 
Josh Bailey              1  1  2   2  0   4  0  0  0  0  0/1    10:00   0:00   0:00 
Kimmo Timonen            1  1  2  -1  0   3  0  0  0  0  0/0    25:35   8:56   1:47 
Kyle Okposo              1  1  2   1  0   4  2  0  0  0  2/3    23:23   8:38   1:10 
Lauri Korpikoski         0  0  0   2  0   0  0  0  0  0  0/0     6:10   0:00   2:35 
Nick Bonino              0  1  1   1  0   4  0  0  0  0  21/34  22:13   8:38   0:00 
Nicklas Grossmann        0  0  0   0  0   0  1  0  0  0  0/0     5:50   0:00   0:00 
Radko Gudas              0  1  1   1  0   2  2  0  0  0  0/0    15:03   8:02   1:57 
Tobias Enstrom           1  0  1  -1  0   5  1  1  0  0  0/0    24:41   8:02   1:47 
Tomas Plekanec           0  0  0   0  0   1  0  1  0  0  5/8     8:58   0:00   2:33 

Players Stats for MapleLeafs

Player Name              G  A  P  +/- PIM S  H  SB GA TA FO     MP     PP MP  PK MP  
------------------------------------------------------------------------------------
Alexei Emelin            0  0  0  -1  4   0  1  5  0  0  0/0    21:04   1:57   5:53 
Antoine Roussel          1  0  1  -1  4   3  4  1  0  0  1/5    20:03   2:06   0:30 
Antoine Vermette         0  0  0  -2  0   1  2  0  0  0  0/1    10:26   0:00   0:00 
Brandon Gormley          0  0  0   0  0   0  1  0  0  0  0/0     3:14   0:00   0:17 
Brock Nelson             0  1  1   0  0   2  0  0  0  0  8/25   24:08   2:06   6:43 
Daniel Briere            0  0  0  -1  0   0  0  0  0  0  3/10    7:22   0:00   0:35 
Devante Smith-Pelly      0  0  0   0  0   1  1  0  0  0  1/1    17:39   2:06   0:14 
Eric Gelinas             0  1  1  -1  0   2  0  2  0  0  0/0    22:34   1:57   7:19 
Evander Kane             0  2  2   1  0   3  3  1  0  0  2/3    30:00   1:38  10:45 
Jamie Oleksiak           0  0  0  -2  0   3  1  1  0  0  0/0    13:00   0:00   4:35 
Jay Bouwmeester          0  1  1   2  0   3  1  1  0  0  0/0    28:47   1:47   9:25 
Michael Del Zotto        0  0  0  -2  2   0  0  0  0  0  0/0     8:26   0:00   0:00 
Michael Grabner          0  0  0  -1  0   0  0  0  0  0  2/8     4:26   0:00   0:00 
Milan Lucic              0  0  0   0  2   2  4  0  0  0  16/42  28:04   1:38   9:29 
Nick Holden              0  1  1   2  6   2  4  2  0  0  0/0    22:49   1:47   6:27 
Nick Leddy               0  0  0   0  0   0  0  0  0  0  0/0     0:00   0:00   0:00 
Nikita Nikitin           0  0  0   0  0   0  0  0  0  0  0/0     0:00   0:00   0:00 
Vladimir Tarasenko       2  0  2   1  0   6  0  0  0  0  1/4    20:37   1:38   5:40 

3 Stars

1 - Vladimir Tarasenko (TOR)
2 - Josh Bailey (WPG)
3 - Jonathan Ericsson (WPG)

Power Play

Jets - 2 on 9 Attempt(s) - 22.22%
MapleLeafs - 0 on 2 Attempt(s) - 0.00%

Penalty Kill

Jets - 2 on 2 Attempt(s) - 100.00% - Score 0 goal in Penalty Kill
MapleLeafs - 7 on 9 Attempt(s) - 77.78% - Score 0 goal in Penalty Kill

Team Stat

Jets - Hits : 20 - Faceoff Wins : 65 - Blocked Shots : 5 - Penalty Minutes : 4
MapleLeafs - Hits : 22 - Faceoff Wins : 34 - Blocked Shots : 13 - Penalty Minutes : 18

Official

Referees : Marc Joannette and Darcy Burchell
Linesman : Matt MacPherson and Greg Devorski

Game Notes

No Game Note

Finance

Level 1 -- Attendance: 6466 (99.48%) -- Ticket Income $678,930
Level 2 -- Attendance: 3512 (70.24%) -- Ticket Income $280,960
Level 3 -- Attendance: 2584 (73.83%) -- Ticket Income $167,960
Level 4 -- Attendance: 1507 (53.46%) -- Ticket Income $82,885
Luxury Box -- Attendance: 886 (88.60%) -- Ticket Income $181,630
Game was played at the Air Canada Center'
Total Attendance: 14955 (79.47%)
Total Ticket Income: $1,392,365
Other Income: $208,855
Total Income: $1,601,220

% Time on Ice - Jets

Lines # - Real PCT - Wanted PCT - Time Play
Normal Forward
1 - 40% - 40% - 15:29
2 - 35% - 36% - 13:35
3 - 16% - 15% - 6:25
4 - 9% - 9% - 3:35
Normal Defense
1 - 38% - 40% - 14:52
2 - 35% - 34% - 13:32
3 - 13% - 16% - 5:04
4 - 14% - 10% - 5:36
PP Forward
1 - 49% - 60% - 8:20
2 - 51% - 40% - 8:38
PP Defense
1 - 53% - 70% - 8:56
2 - 47% - 30% - 8:02
PK Forward
1 - 100% - 75% - 3:44
2 - 0% - 25% - 0:00
PK Defense
1 - 52% - 60% - 1:57
2 - 48% - 40% - 1:47
PK3 Forward
1 - 0% - 70%
2 - 0% - 30%
PK3 Defense
1 - 0% - 60%
2 - 0% - 40%
44 Forward
1 - 100% - 60% - 0:14
2 - 0% - 40% - 0:00
44 Defense
1 - 0% - 51% - 0:00
2 - 100% - 49% - 0:14
Last Minute Offensive  - 0:00
Last Minute Defensive  - 0:00
Total
Forward - 60:00
Defense - 60:00

% Time on Ice - MapleLeafs

Lines # - Real PCT - Wanted PCT - Time Play
Normal Forward
1 - 34% - 40% - 13:19
2 - 39% - 30% - 15:19
3 - 15% - 20% - 6:00
4 - 11% - 10% - 4:26
Normal Defense
1 - 37% - 40% - 14:26
2 - 34% - 30% - 13:16
3 - 22% - 20% - 8:25
4 - 8% - 10% - 2:57
PP Forward
1 - 44% - 60% - 1:38
2 - 56% - 40% - 2:06
PP Defense
1 - 48% - 60% - 1:47
2 - 52% - 40% - 1:57
PK Forward
1 - 67% - 60% - 11:18
2 - 33% - 40% - 5:40
PK Defense
1 - 57% - 60% - 9:39
2 - 43% - 40% - 7:19
PK3 Forward
1 - 0% - 60%
2 - 0% - 40%
PK3 Defense
1 - 0% - 60%
2 - 0% - 40%
44 Forward
1 - 100% - 60% - 0:14
2 - 0% - 40% - 0:00
44 Defense
1 - 86% - 60% - 0:12
2 - 14% - 40% - 0:02
Last Minute Offensive  - 0:00
Last Minute Defensive  - 0:00
Total
Forward - 60:00
Defense - 60:00

Play by Play

1st period


0:01 of 1st period - Milan Lucic wins face-off versus Joe Pavelski in neutral zone.
0:16 of 1st period - Shot by Corey Perry.
0:16 of 1st period - Shot Misses the Net.
0:20 of 1st period - Shot by Joe Pavelski.
0:20 of 1st period - Deflect By Corey Perry.
0:20 of 1st period - Shot Misses the Net.
0:22 of 1st period - Shot by Anders Lee.
0:22 of 1st period - Shot Misses the Net.
0:26 of 1st period - Shot by Joe Pavelski.
0:26 of 1st period - Stopped by Ryan Miller without a rebound.
0:27 of 1st period - Nick Bonino wins face-off versus Brock Nelson in MapleLeafs zone.
0:32 of 1st period - Shot by Kyle Okposo.
0:32 of 1st period - Shot Blocked by Alexei Emelin.
1:53 of 1st period - Daniel Briere is hit by Radko Gudas and loses puck.
2:07 of 1st period - Off-side.
2:08 of 1st period - Evander Kane wins face-off versus Joe Pavelski in neutral zone.
2:15 of 1st period - Shot by Vladimir Tarasenko.
2:15 of 1st period - Goal by Vladimir Tarasenko - Jets : 0 - MapleLeafs : 1.
2:16 of 1st period - Joe Pavelski wins face-off versus Antoine Vermette in neutral zone.
2:26 of 1st period - Icing by Jay Bouwmeester.
2:27 of 1st period - Nick Bonino wins face-off versus Michael Grabner in MapleLeafs zone.
2:32 of 1st period - Icing by Jay Bouwmeester.
2:33 of 1st period - Joe Pavelski wins face-off versus Michael Grabner in MapleLeafs zone.
2:40 of 1st period - Shot by Joe Pavelski.
2:40 of 1st period - Stopped by Ryan Miller without a rebound.
2:41 of 1st period - Boyd Gordon wins face-off versus Milan Lucic in MapleLeafs zone.
2:41 of 1st period - Boyd Gordon is hit by Brandon Gormley.
3:11 of 1st period - Shot by Jay Bouwmeester.
3:11 of 1st period - Stopped by Cory Schneider with a rebound.
3:13 of 1st period - Shot by Evander Kane.
3:13 of 1st period - Shot Misses the Net.
3:15 of 1st period - Shot by Vladimir Tarasenko.
3:15 of 1st period - Shot Misses the Net.
3:17 of 1st period - Shot by Jay Bouwmeester.
3:17 of 1st period - Stopped by Cory Schneider with a rebound.
3:25 of 1st period - Shot by Vladimir Tarasenko.
3:25 of 1st period - Stopped by Cory Schneider without a rebound.
3:26 of 1st period - Brock Nelson wins face-off versus Joe Pavelski in Jets zone.
3:30 of 1st period - Minor Penalty to Antoine Roussel for Slashing.
3:31 of 1st period - Joe Pavelski wins face-off versus Milan Lucic in MapleLeafs zone.
3:32 of 1st period - Shot by Kimmo Timonen.
3:32 of 1st period - Shot Blocked by Alexei Emelin.
3:40 of 1st period - Shot by Corey Perry.
3:40 of 1st period - Shot Misses the Net.
3:42 of 1st period - Shot by Joe Pavelski.
3:42 of 1st period - Shot Blocked by Alexei Emelin.
3:44 of 1st period - Shot by Joe Pavelski.
3:44 of 1st period - Stopped by Ryan Miller without a rebound.
3:45 of 1st period - Milan Lucic wins face-off versus Nick Bonino in MapleLeafs zone.
3:45 of 1st period - Milan Lucic is hit by Kyle Okposo.
4:57 of 1st period - Shot by Radko Gudas.
4:57 of 1st period - Shot Blocked by Alexei Emelin.
4:59 of 1st period - Shot by Tobias Enstrom.
4:59 of 1st period - Shot Blocked by Alexei Emelin.
5:01 of 1st period - Shot by Tobias Enstrom.
5:01 of 1st period - Stopped by Ryan Miller without a rebound.
5:02 of 1st period - Milan Lucic wins face-off versus Joe Pavelski in MapleLeafs zone.
5:02 of 1st period - Milan Lucic is hit by Anders Lee.
5:22 of 1st period - Shot by Joe Pavelski.
5:22 of 1st period - Stopped by Ryan Miller without a rebound.
5:23 of 1st period - Nick Bonino wins face-off versus Milan Lucic in MapleLeafs zone.
5:26 of 1st period - Shot by Kyle Okposo.
5:26 of 1st period - Deflect By Jamie Benn.
5:26 of 1st period - Shot Misses the Net.
5:28 of 1st period - Shot by Kimmo Timonen.
5:28 of 1st period - Stopped by Ryan Miller with a rebound.
5:43 of 1st period - Shot by Colin Wilson.
5:43 of 1st period - Stopped by Ryan Miller with a rebound.
5:50 of 1st period - Brock Nelson is hit by Brett Bellemore and loses puck.
6:02 of 1st period - Michael Del Zotto is hit by Colin Wilson and loses puck.
6:41 of 1st period - Shot by Nick Bonino.
6:41 of 1st period - Stopped by Ryan Miller without a rebound.
6:42 of 1st period - Joe Pavelski wins face-off versus Michael Grabner in MapleLeafs zone.
6:43 of 1st period - Shot by Christian Ehrhoff.
6:43 of 1st period - Stopped by Ryan Miller without a rebound.
6:44 of 1st period - Joe Pavelski wins face-off versus Milan Lucic in MapleLeafs zone.
7:52 of 1st period - Shot by Antoine Vermette.
7:52 of 1st period - Stopped by Cory Schneider with a rebound.
7:55 of 1st period - Icing by Tobias Enstrom.
7:56 of 1st period - Nick Bonino wins face-off versus Brock Nelson in Jets zone.
7:56 of 1st period - Nick Bonino is hit by Antoine Roussel.
8:42 of 1st period - Off-side.
8:43 of 1st period - Boyd Gordon wins face-off versus Milan Lucic in neutral zone.
8:43 of 1st period - Boyd Gordon is hit by Milan Lucic.
8:52 of 1st period - Evander Kane is hit by Radko Gudas and loses puck.
9:11 of 1st period - Shot by Josh Bailey.
9:11 of 1st period - Deflect By Lauri Korpikoski.
9:11 of 1st period - Shot Misses the Net.
9:13 of 1st period - Shot by Boyd Gordon.
9:13 of 1st period - Stopped by Ryan Miller without a rebound.
9:13 of 1st period - Minor Penalty to Alexei Emelin for Hooking.
9:14 of 1st period - Evander Kane wins face-off versus Joe Pavelski in MapleLeafs zone.
10:07 of 1st period - Icing by Anders Lee.
10:08 of 1st period - Milan Lucic wins face-off versus Joe Pavelski in Jets zone.
11:24 of 1st period - Shot by Evander Kane.
11:24 of 1st period - Stopped by Cory Schneider with a rebound.
11:26 of 1st period - Shot by Antoine Vermette.
11:26 of 1st period - Shot Misses the Net.
11:29 of 1st period - Minor Penalty to Brett Bellemore for Holding.
11:30 of 1st period - Brock Nelson wins face-off versus Tomas Plekanec in Jets zone.
11:43 of 1st period - Shot by Eric Gelinas.
11:43 of 1st period - Stopped by Cory Schneider with a rebound.
11:49 of 1st period - Shot by Antoine Roussel.
11:49 of 1st period - Stopped by Cory Schneider without a rebound.
11:50 of 1st period - Tomas Plekanec wins face-off versus Evander Kane in Jets zone.
11:50 of 1st period - Tomas Plekanec is hit by Evander Kane.
12:02 of 1st period - Shot by Vladimir Tarasenko.
12:02 of 1st period - Stopped by Cory Schneider with a rebound.
12:41 of 1st period - Off-side.
12:42 of 1st period - Tomas Plekanec wins face-off versus Brock Nelson in neutral zone.
12:57 of 1st period - Shot by Alexei Emelin.
12:57 of 1st period - Shot Misses the Net.
13:35 of 1st period - Shot by Antoine Vermette.
13:35 of 1st period - Shot Blocked by Brett Bellemore.
13:37 of 1st period - Shot by Jamie Oleksiak.
13:37 of 1st period - Shot Misses the Net.
13:39 of 1st period - Shot by Jamie Oleksiak.
13:39 of 1st period - Stopped by Cory Schneider with a rebound.
13:41 of 1st period - Shot by Antoine Vermette.
13:41 of 1st period - Shot Misses the Net.
13:43 of 1st period - Shot by Jamie Oleksiak.
13:43 of 1st period - Stopped by Cory Schneider without a rebound.
13:44 of 1st period - Nick Bonino wins face-off versus Daniel Briere in Jets zone.
13:51 of 1st period - Christian Ehrhoff is hit by Antoine Vermette and loses puck.
13:59 of 1st period - Icing by Christian Ehrhoff.
14:00 of 1st period - Nick Bonino wins face-off versus Michael Grabner in Jets zone.
14:00 of 1st period - Nick Bonino is hit by Milan Lucic.
14:15 of 1st period - Jamie Benn is hit by Jamie Oleksiak and loses puck.
14:20 of 1st period - Shot by Kyle Okposo.
14:20 of 1st period - Deflect By Jamie Benn.
14:20 of 1st period - Stopped by Ryan Miller without a rebound.
14:21 of 1st period - Milan Lucic wins face-off versus Joe Pavelski in MapleLeafs zone.
14:38 of 1st period - Off-side.
14:39 of 1st period - Brock Nelson wins face-off versus Nick Bonino in neutral zone.
14:41 of 1st period - Off-side.
14:42 of 1st period - Joe Pavelski wins face-off versus Brock Nelson in neutral zone.
14:58 of 1st period - Off-side.
14:59 of 1st period - Milan Lucic wins face-off versus Nick Bonino in neutral zone.
15:04 of 1st period - Shot by Vladimir Tarasenko.
15:04 of 1st period - Stopped by Cory Schneider without a rebound.
15:05 of 1st period - Joe Pavelski wins face-off versus Milan Lucic in Jets zone.
15:05 of 1st period - Joe Pavelski is hit by Milan Lucic.
15:19 of 1st period - Shot by Corey Perry.
15:19 of 1st period - Stopped by Ryan Miller without a rebound.
15:19 of 1st period - Minor Penalty to Nick Holden for Interference.
15:20 of 1st period - Milan Lucic wins face-off versus Nick Bonino in MapleLeafs zone.
16:29 of 1st period - Shot by Tobias Enstrom.
16:29 of 1st period - Stopped by Ryan Miller without a rebound.
16:30 of 1st period - Joe Pavelski wins face-off versus Vladimir Tarasenko in MapleLeafs zone.
16:35 of 1st period - Shot by Joe Pavelski.
16:35 of 1st period - Shot Misses the Net.
16:37 of 1st period - Shot by Tobias Enstrom.
16:37 of 1st period - Stopped by Ryan Miller with a rebound.
16:39 of 1st period - Shot by Tobias Enstrom.
16:39 of 1st period - Shot Misses the Net.
16:51 of 1st period - Shot by Radko Gudas.
16:51 of 1st period - Shot Misses the Net.
16:53 of 1st period - Shot by Tobias Enstrom.
16:53 of 1st period - Stopped by Ryan Miller without a rebound.
16:54 of 1st period - Milan Lucic wins face-off versus Nick Bonino in MapleLeafs zone.
17:01 of 1st period - Shot by Jamie Benn.
17:01 of 1st period - Stopped by Ryan Miller with a rebound.
17:03 of 1st period - Shot by Nick Bonino.
17:03 of 1st period - Shot Misses the Net.
17:05 of 1st period - Shot by Christian Ehrhoff.
17:05 of 1st period - Shot Blocked by Jamie Oleksiak.
17:07 of 1st period - Shot by Jamie Benn.
17:07 of 1st period - Shot Blocked by Jay Bouwmeester.
17:09 of 1st period - Shot by Christian Ehrhoff.
17:09 of 1st period - Shot Misses the Net.
17:11 of 1st period - Shot by Kimmo Timonen.
17:11 of 1st period - Goal by Kimmo Timonen - Jets : 1 - MapleLeafs : 1.
17:12 of 1st period - Tomas Plekanec wins face-off versus Brock Nelson in neutral zone.
17:17 of 1st period - Shot by Josh Bailey.
17:17 of 1st period - Stopped by Ryan Miller without a rebound.
17:18 of 1st period - Joe Pavelski wins face-off versus Brock Nelson in MapleLeafs zone.
17:23 of 1st period - Shot by Joe Pavelski.
17:23 of 1st period - Shot Misses the Net.
17:25 of 1st period - Shot by Corey Perry.
17:25 of 1st period - Shot Misses the Net.
17:27 of 1st period - Shot by Jonathan Ericsson.
17:27 of 1st period - Shot Misses the Net.
17:29 of 1st period - Shot by Joe Pavelski.
17:29 of 1st period - Shot Misses the Net.
17:35 of 1st period - Shot by Corey Perry.
17:35 of 1st period - Shot Misses the Net.
18:55 of 1st period - Minor Penalty to Antoine Roussel for Tripping.
18:56 of 1st period - Milan Lucic wins face-off versus Joe Pavelski in MapleLeafs zone.
19:05 of 1st period - Shot by Joe Pavelski.
19:05 of 1st period - Deflect By Anders Lee.
19:05 of 1st period - Shot Misses the Net.
19:51 of 1st period - Shot by Jamie Benn.
19:51 of 1st period - Deflect By Kyle Okposo.
19:51 of 1st period - Shot Misses the Net.
19:58 of 1st period - Icing by Kyle Okposo.
19:59 of 1st period - Daniel Briere wins face-off versus Nick Bonino in Jets zone.
Goals for this period are 1 for Jets vs 1 for MapleLeafs.
Shots for this period are 18 for Jets vs 12 for MapleLeafs.

2nd period


0:01 of 2nd period - Joe Pavelski wins face-off versus Milan Lucic in neutral zone.
0:14 of 2nd period - Shot by Joe Pavelski.
0:14 of 2nd period - Shot Misses the Net.
0:16 of 2nd period - Shot by Joe Pavelski.
0:16 of 2nd period - Shot Misses the Net.
0:18 of 2nd period - Shot by Joe Pavelski.
0:18 of 2nd period - Shot Misses the Net.
0:20 of 2nd period - Shot by Corey Perry.
0:20 of 2nd period - Shot Misses the Net.
0:22 of 2nd period - Shot by Kimmo Timonen.
0:22 of 2nd period - Deflect By Anders Lee.
0:22 of 2nd period - Goal by Anders Lee - Jets : 2 - MapleLeafs : 1.
0:23 of 2nd period - Brock Nelson wins face-off versus Nick Bonino in neutral zone.
0:25 of 2nd period - Off-side.
0:26 of 2nd period - Milan Lucic wins face-off versus Nick Bonino in neutral zone.
0:37 of 2nd period - Shot by Vladimir Tarasenko.
0:37 of 2nd period - Shot Misses the Net.
0:40 of 2nd period - Icing by Kimmo Timonen.
0:41 of 2nd period - Brock Nelson wins face-off versus Nick Bonino in Jets zone.
0:52 of 2nd period - Shot by Brock Nelson.
0:52 of 2nd period - Stopped by Cory Schneider without a rebound.
0:53 of 2nd period - Joe Pavelski wins face-off versus Milan Lucic in Jets zone.
1:09 of 2nd period - Icing by Nick Holden.
1:10 of 2nd period - Nick Bonino wins face-off versus Milan Lucic in MapleLeafs zone.
1:30 of 2nd period - Icing by Kimmo Timonen.
1:31 of 2nd period - Kyle Okposo wins face-off versus Brock Nelson in Jets zone.
1:40 of 2nd period - Off-side.
1:41 of 2nd period - Anders Lee wins face-off versus Daniel Briere in neutral zone.
1:47 of 2nd period - Minor Penalty to Alexei Emelin for Hooking.
1:48 of 2nd period - Joe Pavelski wins face-off versus Milan Lucic in MapleLeafs zone.
1:55 of 2nd period - Shot by Kimmo Timonen.
1:55 of 2nd period - Shot Blocked by Nick Holden.
2:15 of 2nd period - Shot by Joe Pavelski.
2:15 of 2nd period - Stopped by Ryan Miller with a rebound.
2:17 of 2nd period - Shot by Joe Pavelski.
2:17 of 2nd period - Shot Hit the Post.
2:19 of 2nd period - Shot by Christian Ehrhoff.
2:19 of 2nd period - Shot Misses the Net.
2:21 of 2nd period - Shot by Joe Pavelski.
2:21 of 2nd period - Stopped by Ryan Miller without a rebound.
2:22 of 2nd period - Nick Bonino wins face-off versus Milan Lucic in MapleLeafs zone.
3:32 of 2nd period - Minor Penalty to Christian Ehrhoff for Holding.
3:33 of 2nd period - Joe Pavelski wins face-off versus Antoine Roussel in Jets zone.
3:33 of 2nd period - Joe Pavelski is hit by Antoine Roussel.
3:38 of 2nd period - Nicklas Grossmann is hit by Evander Kane and loses puck.
3:44 of 2nd period - Icing by Brett Bellemore.
3:45 of 2nd period - Joe Pavelski wins face-off versus Antoine Roussel in Jets zone.
3:56 of 2nd period - Tomas Plekanec is hit by Antoine Roussel and loses puck.
4:01 of 2nd period - Shot by Nick Holden.
4:01 of 2nd period - Stopped by Cory Schneider with a rebound.
4:03 of 2nd period - Shot by Nick Holden.
4:03 of 2nd period - Shot Blocked by Tomas Plekanec.
5:49 of 2nd period - Shot by Michael Grabner.
5:49 of 2nd period - Shot Hit the Post.
7:07 of 2nd period - Icing by Eric Gelinas.
7:08 of 2nd period - Jamie Benn wins face-off versus Milan Lucic in MapleLeafs zone.
7:36 of 2nd period - Jamie Benn is hit by Alexei Emelin and loses puck.
7:45 of 2nd period - Shot by Jamie Benn.
7:45 of 2nd period - Deflect By Kyle Okposo.
7:45 of 2nd period - Stopped by Ryan Miller without a rebound.
7:46 of 2nd period - Tomas Plekanec wins face-off versus Brock Nelson in MapleLeafs zone.
8:32 of 2nd period - Off-side.
8:33 of 2nd period - Nick Bonino wins face-off versus Daniel Briere in neutral zone.
8:40 of 2nd period - Shot by Jamie Benn.
8:40 of 2nd period - Shot Misses the Net.
8:42 of 2nd period - Shot by Kyle Okposo.
8:42 of 2nd period - Stopped by Ryan Miller without a rebound.
8:43 of 2nd period - Nick Bonino wins face-off versus Michael Grabner in MapleLeafs zone.
8:44 of 2nd period - Shot by Kyle Okposo.
8:44 of 2nd period - Shot Misses the Net.
8:46 of 2nd period - Shot by Tobias Enstrom.
8:46 of 2nd period - Goal by Tobias Enstrom - Jets : 3 - MapleLeafs : 1.
8:47 of 2nd period - Nick Bonino wins face-off versus Milan Lucic in neutral zone.
8:54 of 2nd period - Milan Lucic is hit by Kyle Okposo and loses puck.
9:04 of 2nd period - Shot by Evander Kane.
9:04 of 2nd period - Shot Misses the Net.
9:14 of 2nd period - Shot by Milan Lucic.
9:14 of 2nd period - Stopped by Cory Schneider without a rebound.
9:15 of 2nd period - Joe Pavelski wins face-off versus Antoine Roussel in Jets zone.
9:31 of 2nd period - Christian Ehrhoff is hit by Nick Holden and loses puck.
9:55 of 2nd period - Minor Penalty to Nick Holden for Holding.
9:56 of 2nd period - Nick Bonino wins face-off versus Milan Lucic in MapleLeafs zone.
10:39 of 2nd period - Shot by Radko Gudas.
10:39 of 2nd period - Shot Misses the Net.
10:41 of 2nd period - Shot by Kyle Okposo.
10:41 of 2nd period - Shot Misses the Net.
10:51 of 2nd period - Shot by Joe Pavelski.
10:51 of 2nd period - Shot Misses the Net.
10:53 of 2nd period - Shot by Kimmo Timonen.
10:53 of 2nd period - Stopped by Ryan Miller without a rebound.
10:54 of 2nd period - Joe Pavelski wins face-off versus Vladimir Tarasenko in MapleLeafs zone.
11:30 of 2nd period - Shot by Corey Perry.
11:30 of 2nd period - Stopped by Ryan Miller without a rebound.
11:31 of 2nd period - Nick Bonino wins face-off versus Vladimir Tarasenko in MapleLeafs zone.
11:36 of 2nd period - Shot by Radko Gudas.
11:36 of 2nd period - Stopped by Ryan Miller without a rebound.
11:37 of 2nd period - Vladimir Tarasenko wins face-off versus Nick Bonino in MapleLeafs zone.
11:37 of 2nd period - Vladimir Tarasenko is hit by Jamie Benn.
11:59 of 2nd period - Shot by Tomas Plekanec.
11:59 of 2nd period - Stopped by Ryan Miller with a rebound.
12:10 of 2nd period - Icing by Nick Holden.
12:11 of 2nd period - Devante Smith-Pelly wins face-off versus Joe Pavelski in MapleLeafs zone.
12:11 of 2nd period - Devante Smith-Pelly is hit by Anders Lee.
12:57 of 2nd period - Shot by Joe Pavelski.
12:57 of 2nd period - Shot Blocked by Antoine Roussel.
13:23 of 2nd period - Shot by Kyle Okposo.
13:23 of 2nd period - Shot Misses the Net.
13:30 of 2nd period - Icing by Alexei Emelin.
13:31 of 2nd period - Milan Lucic wins face-off versus Josh Bailey in MapleLeafs zone.
14:26 of 2nd period - Vladimir Tarasenko is hit by Jamie Benn and loses puck.
14:45 of 2nd period - Shot by Kyle Okposo.
14:45 of 2nd period - Goal by Kyle Okposo - Jets : 4 - MapleLeafs : 1.
14:46 of 2nd period - Joe Pavelski wins face-off versus Daniel Briere in neutral zone.
15:51 of 2nd period - Shot by Nick Bonino.
15:51 of 2nd period - Shot Misses the Net.
16:07 of 2nd period - Shot by Jamie Benn.
16:07 of 2nd period - Deflect By Kyle Okposo.
16:07 of 2nd period - Stopped by Ryan Miller without a rebound.
16:08 of 2nd period - Boyd Gordon wins face-off versus Milan Lucic in MapleLeafs zone.
16:11 of 2nd period - Shot by Josh Bailey.
16:11 of 2nd period - Goal by Josh Bailey - Jets : 5 - MapleLeafs : 1.
16:12 of 2nd period - Milan Lucic wins face-off versus Boyd Gordon in neutral zone.
16:15 of 2nd period - Josh Bailey is hit by Milan Lucic and loses puck.
16:16 of 2nd period - Minor Penalty to Milan Lucic for Roughing.
16:17 of 2nd period - Anders Lee wins face-off versus Brock Nelson in MapleLeafs zone.
16:46 of 2nd period - Shot by Joe Pavelski.
16:46 of 2nd period - Stopped by Ryan Miller without a rebound.
16:47 of 2nd period - Daniel Briere wins face-off versus Kyle Okposo in MapleLeafs zone.
18:09 of 2nd period - Shot by Corey Perry.
18:09 of 2nd period - Shot Misses the Net.
18:27 of 2nd period - Icing by Jamie Oleksiak.
18:28 of 2nd period - Michael Grabner wins face-off versus Tomas Plekanec in MapleLeafs zone.
18:34 of 2nd period - Milan Lucic is hit by Jonathan Ericsson.
18:39 of 2nd period - Milan Lucic is hit by Jonathan Ericsson and loses puck.
18:48 of 2nd period - Shot by Colin Wilson.
18:48 of 2nd period - Shot Misses the Net.
18:50 of 2nd period - Shot by Josh Bailey.
18:50 of 2nd period - Stopped by Ryan Miller without a rebound.
18:51 of 2nd period - Joe Pavelski wins face-off versus Milan Lucic in MapleLeafs zone.
19:03 of 2nd period - Milan Lucic is hit by Brett Bellemore.
19:07 of 2nd period - Shot by Nick Holden.
19:07 of 2nd period - Shot Misses the Net.
19:14 of 2nd period - Vladimir Tarasenko is hit by Brett Bellemore.
19:24 of 2nd period - Shot by Vladimir Tarasenko.
19:24 of 2nd period - Shot Blocked by Brett Bellemore.
19:26 of 2nd period - Shot by Jay Bouwmeester.
19:26 of 2nd period - Stopped by Cory Schneider without a rebound.
19:27 of 2nd period - Brock Nelson wins face-off versus Nick Bonino in Jets zone.
19:50 of 2nd period - Shot by Jamie Benn.
19:50 of 2nd period - Shot Misses the Net.
Goals for this period are 4 for Jets vs 0 for MapleLeafs.
Shots for this period are 15 for Jets vs 4 for MapleLeafs.

3rd period


0:01 of 3rd period - Joe Pavelski wins face-off versus Milan Lucic in neutral zone.
0:03 of 3rd period - Kimmo Timonen is hit by Nick Holden.
0:07 of 3rd period - Shot by Corey Perry.
0:07 of 3rd period - Shot Misses the Net.
0:21 of 3rd period - Shot by Jay Bouwmeester.
0:21 of 3rd period - Shot Misses the Net.
0:31 of 3rd period - Shot by Evander Kane.
0:31 of 3rd period - Stopped by Cory Schneider without a rebound.
0:32 of 3rd period - Nick Bonino wins face-off versus Antoine Roussel in Jets zone.
1:10 of 3rd period - Shot by Antoine Roussel.
1:10 of 3rd period - Goal by Antoine Roussel - Jets : 5 - MapleLeafs : 2.
1:11 of 3rd period - Joe Pavelski wins face-off versus Milan Lucic in neutral zone.
1:43 of 3rd period - Shot by Vladimir Tarasenko.
1:43 of 3rd period - Shot Misses the Net.
1:45 of 3rd period - Shot by Vladimir Tarasenko.
1:45 of 3rd period - Goal by Vladimir Tarasenko - Jets : 5 - MapleLeafs : 3.
1:46 of 3rd period - Boyd Gordon wins face-off versus Brock Nelson in neutral zone.
2:18 of 3rd period - Minor Penalty to Michael Del Zotto for High sticking.
2:19 of 3rd period - Joe Pavelski wins face-off versus Milan Lucic in MapleLeafs zone.
2:49 of 3rd period - Icing by Kimmo Timonen.
2:50 of 3rd period - Milan Lucic wins face-off versus Joe Pavelski in Jets zone.
2:51 of 3rd period - Shot by Jay Bouwmeester.
2:51 of 3rd period - Shot Misses the Net.
4:05 of 3rd period - Icing by Tobias Enstrom.
4:06 of 3rd period - Jamie Benn wins face-off versus Milan Lucic in Jets zone.
4:19 of 3rd period - Brock Nelson is hit by Colin Wilson and loses puck.
4:29 of 3rd period - Shot by Jamie Oleksiak.
4:29 of 3rd period - Stopped by Cory Schneider without a rebound.
4:30 of 3rd period - Boyd Gordon wins face-off versus Brock Nelson in Jets zone.
4:41 of 3rd period - Shot by Jonathan Ericsson.
4:41 of 3rd period - Goal by Jonathan Ericsson - Jets : 6 - MapleLeafs : 3.
4:42 of 3rd period - Joe Pavelski wins face-off versus Daniel Briere in neutral zone.
4:42 of 3rd period - Joe Pavelski is hit by Antoine Vermette.
4:48 of 3rd period - Antoine Vermette is hit by Anders Lee and loses puck.
5:00 of 3rd period - Joe Pavelski is hit by Nick Holden and loses puck.
5:05 of 3rd period - Shot by Joe Pavelski.
5:05 of 3rd period - Stopped by Ryan Miller without a rebound.
5:06 of 3rd period - Nick Bonino wins face-off versus Brock Nelson in MapleLeafs zone.
5:29 of 3rd period - Shot by Devante Smith-Pelly.
5:29 of 3rd period - Stopped by Cory Schneider with a rebound.
5:31 of 3rd period - Shot by Eric Gelinas.
5:31 of 3rd period - Shot Misses the Net.
5:33 of 3rd period - Shot by Antoine Roussel.
5:33 of 3rd period - Shot Misses the Net.
5:35 of 3rd period - Shot by Antoine Roussel.
5:35 of 3rd period - Stopped by Cory Schneider without a rebound.
5:36 of 3rd period - Milan Lucic wins face-off versus Joe Pavelski in Jets zone.
5:51 of 3rd period - Joe Pavelski is hit by Nick Holden and loses puck.
5:58 of 3rd period - Shot by Anders Lee.
5:58 of 3rd period - Shot Blocked by Evander Kane.
5:59 of 3rd period - Minor Penalty to Nick Holden for Slashing.
6:00 of 3rd period - Nick Bonino wins face-off versus Milan Lucic in MapleLeafs zone.
6:42 of 3rd period - Off-side.
6:43 of 3rd period - Joe Pavelski wins face-off versus Milan Lucic in neutral zone.
6:45 of 3rd period - Off-side.
6:46 of 3rd period - Joe Pavelski wins face-off versus Milan Lucic in neutral zone.
6:53 of 3rd period - Shot by Radko Gudas.
6:53 of 3rd period - Stopped by Ryan Miller without a rebound.
6:54 of 3rd period - Joe Pavelski wins face-off versus Milan Lucic in MapleLeafs zone.
7:11 of 3rd period - Shot by Joe Pavelski.
7:11 of 3rd period - Shot Misses the Net.
7:34 of 3rd period - Shot by Joe Pavelski.
7:34 of 3rd period - Stopped by Ryan Miller with a rebound.
7:36 of 3rd period - Shot by Corey Perry.
7:36 of 3rd period - Stopped by Ryan Miller without a rebound.
7:37 of 3rd period - Nick Bonino wins face-off versus Milan Lucic in MapleLeafs zone.
8:01 of 3rd period - Alexei Emelin is hit by Nicklas Grossmann and loses puck.
9:10 of 3rd period - Icing by Jay Bouwmeester.
9:11 of 3rd period - Milan Lucic wins face-off versus Joe Pavelski in MapleLeafs zone.
9:11 of 3rd period - Milan Lucic is hit by Corey Perry.
9:29 of 3rd period - Shot by Joe Pavelski.
9:29 of 3rd period - Stopped by Ryan Miller without a rebound.
9:30 of 3rd period - Kyle Okposo wins face-off versus Daniel Briere in MapleLeafs zone.
9:54 of 3rd period - Shot by Jamie Benn.
9:54 of 3rd period - Stopped by Ryan Miller without a rebound.
9:55 of 3rd period - Michael Grabner wins face-off versus Joe Pavelski in MapleLeafs zone.
10:36 of 3rd period - Shot by Michael Grabner.
10:36 of 3rd period - Deflect By Milan Lucic.
10:36 of 3rd period - Stopped by Cory Schneider without a rebound.
10:37 of 3rd period - Nick Bonino wins face-off versus Brock Nelson in Jets zone.
10:44 of 3rd period - Shot by Jamie Benn.
10:44 of 3rd period - Stopped by Ryan Miller without a rebound.
10:45 of 3rd period - Antoine Roussel wins face-off versus Nick Bonino in MapleLeafs zone.
10:47 of 3rd period - Icing by Eric Gelinas.
10:48 of 3rd period - Brock Nelson wins face-off versus Nick Bonino in MapleLeafs zone.
10:53 of 3rd period - Shot by Eric Gelinas.
10:53 of 3rd period - Stopped by Cory Schneider without a rebound.
10:54 of 3rd period - Milan Lucic wins face-off versus Joe Pavelski in Jets zone.
11:13 of 3rd period - Shot by Evander Kane.
11:13 of 3rd period - Stopped by Cory Schneider with a rebound.
11:15 of 3rd period - Shot by Nick Holden.
11:15 of 3rd period - Stopped by Cory Schneider without a rebound.
11:16 of 3rd period - Nick Bonino wins face-off versus Brock Nelson in Jets zone.
11:16 of 3rd period - Nick Bonino is hit by Devante Smith-Pelly.
11:44 of 3rd period - Shot by Jamie Benn.
11:44 of 3rd period - Shot Blocked by Eric Gelinas.
12:20 of 3rd period - Shot by Evander Kane.
12:20 of 3rd period - Shot Blocked by Christian Ehrhoff.
12:22 of 3rd period - Shot by Nick Holden.
12:22 of 3rd period - Shot Misses the Net.
12:29 of 3rd period - Off-side.
12:30 of 3rd period - Daniel Briere wins face-off versus Joe Pavelski in neutral zone.
12:37 of 3rd period - Shot by Antoine Vermette.
12:37 of 3rd period - Shot Misses the Net.
13:09 of 3rd period - Shot by Evander Kane.
13:09 of 3rd period - Shot Misses the Net.
13:11 of 3rd period - Shot by Jamie Oleksiak.
13:11 of 3rd period - Shot Blocked by Tobias Enstrom.
14:09 of 3rd period - Shot by Tomas Plekanec.
14:09 of 3rd period - Shot Blocked by Nick Holden.
14:36 of 3rd period - Antoine Roussel is hit by Jamie Benn and loses puck.
14:41 of 3rd period - Shot by Jamie Benn.
14:41 of 3rd period - Shot Blocked by Eric Gelinas.
14:43 of 3rd period - Shot by Nick Bonino.
14:43 of 3rd period - Stopped by Ryan Miller with a rebound.
14:47 of 3rd period - Shot by Nick Bonino.
14:47 of 3rd period - Stopped by Ryan Miller without a rebound.
14:48 of 3rd period - Joe Pavelski wins face-off versus Milan Lucic in MapleLeafs zone.
15:13 of 3rd period - Shot by Milan Lucic.
15:13 of 3rd period - Shot Misses the Net.
15:15 of 3rd period - Shot by Jamie Oleksiak.
15:15 of 3rd period - Deflect By Vladimir Tarasenko.
15:15 of 3rd period - Stopped by Cory Schneider without a rebound.
15:16 of 3rd period - Boyd Gordon wins face-off versus Brock Nelson in Jets zone.
15:16 of 3rd period - Boyd Gordon is hit by Antoine Roussel.
16:37 of 3rd period - Jay Bouwmeester is hit by Tobias Enstrom and loses puck.
16:58 of 3rd period - Tobias Enstrom is hit by Jay Bouwmeester and loses puck.
17:37 of 3rd period - Icing by Jamie Benn.
17:38 of 3rd period - Nick Bonino wins face-off versus Brock Nelson in Jets zone.
17:55 of 3rd period - Off-side.
17:56 of 3rd period - Brock Nelson wins face-off versus Tomas Plekanec in neutral zone.
18:07 of 3rd period - Shot by Josh Bailey.
18:07 of 3rd period - Stopped by Ryan Miller without a rebound.
18:08 of 3rd period - Nick Bonino wins face-off versus Brock Nelson in MapleLeafs zone.
18:36 of 3rd period - Shot by Brock Nelson.
18:36 of 3rd period - Stopped by Cory Schneider without a rebound.
18:37 of 3rd period - Joe Pavelski wins face-off versus Daniel Briere in Jets zone.
18:37 of 3rd period - Joe Pavelski is hit by Evander Kane.
19:55 of 3rd period - Shot by Nick Bonino.
19:55 of 3rd period - Stopped by Ryan Miller without a rebound.
19:56 of 3rd period - Tomas Plekanec wins face-off versus Michael Grabner in MapleLeafs zone.
Goals for this period are 1 for Jets vs 2 for MapleLeafs.
Shots for this period are 12 for Jets vs 12 for MapleLeafs.


Output by the SimonT Hockey Simulator (STHS) for Stephane Roy -- Original Page W3C XHTML 1.0 Valid
Hockey Simulator - Hockey Simulation - Hockey Manager